Map: Dusk Towers

Players

capac - Winner!

  • Race: Terran Terran
  • League: Gold

A.I. 1 (Elite)

  • Race: Zerg Zerg

VOD

Have the link to the VOD?

Description

Time

  • Played on: March 5, 2016, 9:05 a.m.
  • Length: 11:29
Show
View Real Time Build Order
Export as new Build Order

capac Terran - Winner!

Build Orders: MMM Bio 

Get SALT Encoding   

  12  0:01  SCV  
  13  0:13  SCV  
  14  0:18  Supply Depot  
  14  0:25  SCV  
  15  0:40  SCV  
  15  0:41  Barracks  
  16  0:45  Refinery  
  16  0:52  SCV  
  17  1:04  SCV  
  18  1:16  SCV  
  19  1:28  SCV  
  19  1:32  Barracks Reactor  
  20  1:38  Command Center  
  20  1:40  SCV  
  21  1:48  Supply Depot  
  21  1:57  Orbital Command  
  21  2:12  Marine x2  
  23  2:16  Barracks  
  23  2:26  SCV  
  24  2:33  Marine  
  24  2:34  Factory, Marine  
  27  2:44  Refinery, SCV  
  27  2:51  Marine  
  28  2:52  Marine  
  30  3:00  SCV  
  30  3:04  Orbital Command  
  30  3:10  Marine  
  30  3:11  Marine  
  30  3:12  SCV  
  33  3:20  Starport, Factory Reactor  
  33  3:25  Barracks Tech Lab  
  33  3:30  SCV x2  
  35  3:35  Marine x2  
  37  3:43  SCV x2  
  37  3:47  Supply Depot  
  39  3:52  Marine, Stimpack  
  39  3:54  Marine  
  39  3:55  Marine  
  42  4:09  Factory Tech Lab  
  42  4:11  Barracks  
  42  4:13  SCV x2  
  42  4:16  Barracks  
  44  4:18  Medivac x2  
  48  4:24  Supply Depot  
  48  4:27  Marine x2  
  48  4:29  Marine  
  48  4:30  SCV  
  52  4:31  SCV  
  53  4:44  Engineering Bay  
  53  4:45  Engineering Bay  
  53  4:48  SCV x2  
  55  4:58  Marine x2  
  58  5:04  Barracks Reactor  
  58  5:07  Siege Tank, Barracks Reactor  
  57  5:10  Marine  
  61  5:16  Refinery x2, SCV  
  62  5:22  Supply Depot  
  62  5:24  Supply Depot  
  62  5:43  Marine x2  
  62  5:44  Liberator x2, SCV  
  59  5:58  Marine x2  
  59  5:59  Marine x3  
  59  6:00  SCV x2  
  59  6:02  Siege Tank  
  75  6:07  Supply Depot  
  75  6:16  Command Center  
  75  6:18  Marine  
  75  6:19  Marine x2  
  75  6:21  Combat Shields  
  78  6:28  Marine x2, SCV x2  
  82  6:32  Supply Depot  
  82  6:42  Marine x3  
  82  6:43  Marine x2  
  87  6:49  Medivac  
  87  6:50  Medivac  
  91  6:55  Siege Tank  
  94  7:06  Marine x4  
  94  7:07  Marine x3  
  101  7:10  SCV  
  101  7:15  Supply Depot  
  102  7:21  SCV  
  102  7:22  Medivac x2  
  107  7:44  Siege Tank  
  110  8:03  Marine x4  
  110  8:04  Marine x2  
  110  8:05  SCV x2  
  118  8:17  SCV x2  
  120  8:23  Orbital Command  
  119  8:38  Liberator x2  
  119  8:52  Marine x2  
  119  8:53  Marine x3  
  119  8:54  Siege Tank  
  119  9:49  Marine x4  
  119  9:50  Marine x2  
  121  10:08  Marine x5  
  121  10:09  Marine x2  
Show
View Real Time Build Order
Export as new Build Order

A.I. 1 (Elite) Zerg 

Build Orders: Pool First 

Get SALT Encoding   

  12  0:00  Drone  
  13  0:12  Overlord  
  13  0:17  Drone  
  14  0:30  Drone x2  
  14  0:34  Drone  
  17  0:48  Spawning Pool  
  17  0:49  Drone  
  17  1:10  Hatchery  
  16  1:13  Drone  
  16  1:16  Extractor  
  16  1:19  Drone  
  16  1:23  Extractor  
  16  1:24  Drone  
  17  1:29  Drone  
  18  1:38  Drone  
  19  1:48  Overlord  
  19  1:55  Queen  
  19  2:00  Zergling x2  
  22  2:10  Drone  
  23  2:21  Queen  
  25  2:25  Drone  
  26  2:33  Drone  
  27  2:38  Drone  
  27  2:42  Drone  
  29  2:55  Roach Warren  
  29  2:58  Drone  
  29  3:00  Drone  
  29  3:04  Zergling x2  
  31  3:07  Zergling x2  
  32  3:13  Overlord  
  32  3:16  Drone  
  32  3:19  Drone  
  34  3:35  Roach  
  34  3:36  Roach  
  34  3:37  Roach  
  34  3:38  Roach  
  42  3:43  Lair  
  42  3:47  Overlord  
  42  3:53  Overlord  
  42  3:56  Zergling x2  
  42  3:58  Zergling x2  
  44  4:06  Zergling x2, Drone x2  
  44  4:08  Drone  
  48  4:11  Drone  
  48  4:14  Drone  
  50  4:18  Overlord  
  50  4:22  Roach  
  52  4:26  Roach  
  52  4:30  Roach  
  56  4:32  Roach  
  56  4:37  Overlord  
  58  4:42  Hydralisk Den  
  58  4:43  Drone  
  59  4:45  Drone  
  59  4:47  Drone  
  59  4:50  Roach  
  62  4:54  Roach  
  62  4:57  Overlord  
  64  5:04  Drone  
  64  5:06  Drone  
  66  5:08  Drone  
  66  5:10  Drone  
  66  5:12  Hydralisk, Drone  
  71  5:15  Hydralisk  
  71  5:19  Hydralisk  
  75  5:23  Overlord  
  75  5:26  Hydralisk  
  77  5:29  Drone  
  77  5:30  Drone  
  77  5:32  Drone  
  77  5:34  Drone  
  81  5:36  Drone  
  81  5:37  Drone  
  81  5:39  Drone  
  81  5:41  Drone  
  81  5:44  Hydralisk  
  80  5:50  Overlord  
  80  5:55  Infestation Pit  
  74  6:00  Hydralisk  
  74  6:01  Drone  
  77  6:14  Baneling Nest, Drone  
  77  6:15  Evolution Chamber  
  77  6:17  Drone  
  77  6:21  Hatchery  
  76  6:29  Drone  
  76  6:32  Ravager, Infestor  
  78  6:33  Ravager, Evolution Chamber  
  78  6:34  Drone  
  78  6:37  Roach  
  78  6:39  Overlord  
  83  6:44  Zerg Missile Weapons Level 1  
  83  6:47  Extractor  
  83  6:51  Extractor  
  83  6:52  Drone  
  82  6:58  Baneling, Infestor  
  82  6:59  Zerg Ground Armor Level 1  
  84  7:03  Zergling x2, Baneling  
  84  7:08  Baneling  
  85  7:10  Drone  
  85  7:11  Drone x2  
  85  7:14  Overlord, Drone  
  89  7:18  Zergling x2, Baneling  
  89  7:21  Baneling  
  90  7:23  Zergling x2, Baneling  
  90  7:25  Baneling  
  90  7:28  Zergling x2, Baneling  
  92  7:30  Baneling, Overseer  
  92  7:34  Drone x3  
  92  7:36  Drone x2  
  97  7:41  Extractor  
  97  7:42  Drone x3  
  97  7:44  Drone  
  100  7:45  Baneling  
  100  7:46  Centrifical Hooks  
  100  7:47  Extractor, Drone  
  100  7:48  Drone  
  101  7:54  Overlord  
  101  7:57  Drone  
  102  7:58  Drone  
  102  8:05  Drone  
  104  8:08  Drone  
  104  8:09  Drone  
  104  8:10  Hatchery  
  105  8:14  Overlord, Infestor, Drone  
  105  8:16  Roach  
  105  8:19  Zergling x2  
  111  8:21  Drone  
  111  8:26  Drone  
  111  8:27  Baneling  
  112  8:29  Drone  
  112  8:30  Pathogen Glands  
  112  8:31  Drone  
  114  8:37  Overlord  
  109  8:42  Drone  
  109  8:45  Zergling x2, Drone  
  109  8:46  Zergling x2  
  109  8:48  Drone  
  113  8:53  Hydralisk  
  114  8:58  Baneling x2  
  114  8:59  Drone  
  110  9:04  Drone  
  110  9:06  Baneling  
  110  9:09  Zergling x2, Baneling x2  
  101  9:12  Baneling  
  101  9:14  Ravager  
  101  9:15  Zergling x2  
  102  9:18  Zergling x6  
  102  9:20  Zergling x2  
  102  9:22  Zergling x2  
  100  9:27  Zergling x2  
  100  9:31  Zergling x2  
  101  9:33  Drone  
  90  9:40  Hatchery  
  62  9:59  Roach  
  45  10:01  Zergling x2  
  45  10:05  Roach  
  40  10:09  Roach  
  40  10:13  Roach  
  44  10:16  Queen, Hydralisk x2  
  45  10:25  Baneling  
  43  10:32  Zergling x2  
  43  10:35  Zergling x2  
  41  10:37  Roach x2  
  41  10:38  Roach, Drone  
  45  10:48  Roach  
  45  10:49  Drone  
  48  10:50  Hydralisk Den  
  35  11:17  Spawning Pool  
Tags
 
Composition
MMM Bio
League
Gold
Matchup
TvZ
Opening
Pool First
Add a new tag
Caveats
  • Supply blocks, unpowered buildings, or Contaminate may cause inaccurate times.
  • Supply counts are checked every 10 seconds.